 Dungeon Crawl Stone Soup version 0.31-a0-845-g9abc20d24f (webtiles) character file.

Game seed: 4683304549066372184

989717 andwaal the Conqueror (level 27, -17/172 (179) HPs)
             Began as a Gargoyle Fighter on Sept 25, 2023.
             Was the Champion of Hepliaklqana.
             Killed from afar by a Hell Sentinel (31 damage)
             ... with damnation
             ... on level 7 of the Iron City of Dis on Oct 1, 2023.
             The game lasted 06:50:55 (110048 turns).

andwaal the Conqueror (Gargoyle Fighter)          Turns: 110048, Time: 06:51:11

HP:   -17/172 (179) AC: 57    Str: 29 (31) XL:     27
MP:   22/40         EV: 13    Int: 15      God:    Hepliaklqana [******]
Gold: 11564         SH: 37    Dex: 10 (12) Spells: 25/42 levels left

rFire   + + +        b - +9 sacred scourge (holy)
rCold   + + .        Y - +8 tower shield
rNeg    + + .        Z - +7 gold dragon scales of Joy {*Slow rPois rF+ rC+ MP+9 Int+3}
rPois   ∞            s - +2 helmet {SInv}
rElec   +            d - scarf {repulsion}
rCorr   +            j - +2 pair of gloves {infuse}
SInv    +            A - +0 pair of boots "Guimug" {Dex+3}
Will    +++..        v - amulet of reflection Stlth
                     p - ring "Cuify" {rF+ rN+ Will+ rCorr Stlth+}
HPRegen 1.28/turn    S - ring of protection from fire
MPRegen 0.27/turn

%: slow self (1%), repel missiles, reflection, infuse magic (1 MP)
@: flying, lightly drained, corroded
A: reduced essence, sickness immunity, AC +20, big wings, negative energy
resistance 1, electricity resistance, torment resistance 1, petrification
resistance, cold resistance 1, low MP 1, regeneration 1, no potion heal 1
}: 9/15 runes: decaying, serpentine, silver, abyssal, demonic, glowing, magical,
fiery, dark
a: Renounce Religion, Recall Ancestor, Ancestor Identity, Transference, Idealise


You were on level 7 of the Iron City of Dis.
You worshipped Hepliaklqana.
Hepliaklqana was exalted by your worship.
You visited 14 branches of the dungeon, and saw 59 of its levels.
You visited Pandemonium 3 times, and saw 33 of its levels.
You visited the Abyss 3 times.
You also visited: Wizlab and Desolation.

You collected 13616 gold pieces.
You spent 2052 gold pieces at shops.

Inventory:

Hand Weapons
 a - the +7 sceptre of Torment {pain, torment}
   (You took it off a vault warden on level 5 of the Vaults)
 b - a +9 sacred scourge of holy wrath (weapon)
 x - the +5 demon whip "Spellbinder" {antimagic, disrupt, Will+}
   (You found it in a wizard's laboratory)

   Will+:     It increases your willpower.
 B - a +7 demon trident of draining
Missiles
 G - 15 javelins (quivered)
Armour
 d - a scarf of repulsion (worn)
 j - a +2 pair of gloves of infusion (worn)
 s - a +2 helmet of see invisible (worn)
 A - the +0 pair of boots "Guimug" (worn) {Dex+3}
   (You bought it in a shop on level 6 of the Dungeon)

   Dex+3:     It affects your dexterity (+3).
 J - a +5 kite shield of positive energy
 Y - a +8 tower shield (worn)
 Z - the +7 gold dragon scales of Joy (worn) {*Slow rPois rF+ rC+ MP+9 Int+3}
   (You took it off a deep elf blademaster on level 3 of the Elven Halls)

   Int+3:     It affects your intelligence (+3).
   rF+:       It protects you from fire.
   rC+:       It protects you from cold.
   rPois:     It protects you from poison MP+9: It affects your magic capacity
   (+9).
   *Slow:     It may slow you when you take damage.
Jewellery
 e - a ring of protection from cold
 p - the ring "Cuify" (left hand) {rF+ rN+ Will+ rCorr Stlth+}
   (You found it on level 3 of the Crypt)

   [ring of positive energy]

   rF+:       It protects you from fire.
   rN+:       It protects you from negative energy.
   Will+:     It increases your willpower.
   rCorr:     It protects you from acid and corrosion.
   Stlth+:    It makes you more stealthy.
 r - the ring of Titu {*Slow rElec Int+3 Dex+6 SInv}
   (You found it in Pandemonium)

   [ring of dexterity]

   Int+3:     It affects your intelligence (+3).
   Dex+6:     It affects your dexterity (+6).
   rElec:     It insulates you from electricity.
   SInv:      It lets you see invisible.
   *Slow:     It may slow you when you take damage.
 u - a +5 ring of evasion
 v - an amulet of reflection (around neck)
 w - the ring of the Growing Gods {rN+ Str+3}
   (You found it on level 3 of the Crypt)

   [ring of positive energy]

   Str+3:     It affects your strength (+3).
   rN+:       It protects you from negative energy.
 y - a +6 ring of strength
 C - the ring "Kourcho" {*Corrode Will++ Str+2 Dex+6}
   (You found it in Pandemonium)

   [ring of dexterity]

   Str+2:     It affects your strength (+2).
   Dex+6:     It affects your dexterity (+6).
   Will++:    It greatly increases your willpower.
   *Corrode:  It may corrode you when you take damage.
 S - a ring of protection from fire (right hand)
Wands
 c - a wand of mindburst (34)
 m - a wand of flame (99)
 z - a wand of digging (17)
 K - a wand of paralysis (43)
 P - a wand of polymorph (8)
 U - a wand of light (25)
 V - a wand of iceblast (37)
Scrolls
 f - 9 scrolls of fear
 i - 6 scrolls of blinking
 k - 21 scrolls of teleportation
 l - 4 scrolls of fog
 o - a scroll of vulnerability
 H - 2 scrolls of revelation
 L - 2 scrolls of silence
 M - 4 scrolls of butterflies
 Q - 2 scrolls of amnesia
Potions
 g - 12 potions of curing
 h - 10 potions of resistance
 n - 6 potions of enlightenment
 q - 7 potions of ambrosia
 t - 2 potions of berserk rage
 D - 6 potions of heal wounds
 E - 11 potions of brilliance
 F - 4 potions of haste
 I - 5 potions of mutation
 N - 3 potions of lignification
 O - 5 potions of invisibility
 T - 12 potions of might
 X - 3 potions of cancellation


   Skills:
 O Level 27 Fighting
 + Level 18.7 Maces & Flails
 - Level 16.0 Polearms
 - Level 10.0 Throwing
 O Level 27 Armour
 - Level 19.0 Dodging
 O Level 27 Shields
 - Level 8.4 Spellcasting
 - Level 13.7 Conjurations
 - Level 12.0 Necromancy
 - Level 12.7 Fire Magic
 - Level 11.0 Invocations
 - Level 12.0 Evocations


You had 25 spell levels left.
You knew the following spells:

 Your Spells              Type           Power      Damage    Failure   Level
a - Fire Storm            Conj/Fire      23%        8d6       100%        9
b - Ignition              Fire           22%        3d8       100%        8

Your spell library contained the following spells:

 Spells                   Type           Power      Damage    Failure   Level
 Kiss of Death            Conj/Necr      100%       2d13      1%          1
 Magic Dart               Conj           100%       1d8       1%          1
 Necrotise                Necr           100%       1d9       1%          1
 Searing Ray              Conj           94%        2d7       1%          2
 Vampiric Draining        Necr           42%        2d9       1%          3
 Flame Wave               Conj/Fire      46%        2d12      2%          4
 Sticky Flame             Conj/Fire      46%        2d6       2%          4
 Animate Dead             Necr           42%        N/A       4%          4
 Dispel Undead            Necr           42%        3d17      4%          4
 Momentum Strike          Conj/Tloc      54%        3d9       5%          2
 Static Discharge         Conj/Air       54%        2-5/arc   5%          2
 Iskenderun's Battlesphe  Conj           47%        2d10      6%          5
 Fireball                 Conj/Fire      23%        3d11      8%          5
 Stone Arrow              Conj/Erth      54%        3d10      11%         3
 Inner Flame              Hex/Fire       25%        N/A       14%         3
 Mephitic Cloud           Conj/Pois/Air  20%        N/A       28%         3
 Ignite Poison            Fire/Tmut/Pois 19%        N/A       32%         3
 Fulminant Prism          Conj/Hex       13%        3d9       36%         4
 Iskenderun's Mystic Bla  Conj/Tloc      27%        2d7       36%         4
 Starburst                Conj/Fire      23%        6d8       38%         6
 Slow                     Hex            24%        N/A       54%         1
 Sting                    Tmut/Pois      24%        1d4       54%         1
 Summon Small Mammal      Summ           24%        N/A       54%         1
 Blink                    Tloc           12%        N/A       67%         2
 Call Imp                 Summ           12%        N/A       67%         2
 Ensorcelled Hibernation  Hex/Ice        12%        N/A       67%         2
 Lesser Beckoning         Tloc           12%        N/A       67%         2
 Passwall                 Tmut/Erth      5%         N/A       67%         2
 Poisonous Vapours        Pois/Air       12%        N/A       67%         2
 Arcjolt                  Conj/Air       13%        1d23      71%         5
 Call Canine Familiar     Summ           6%         N/A       88%         3
 Confusing Touch          Hex            6%         N/A       88%         3
 Frozen Ramparts          Ice            12%        1d2       88%         3
 Gell's Gravitas          Tloc           6%         N/A       88%         3
 Ozocubu's Armour         Ice            6%         N/A       88%         3
 Sigil of Binding         Hex            6%         N/A       88%         3
 Summon Guardian Golem    Hex/Summ       6%         N/A       88%         3
 Swiftness                Air            6%         N/A       88%         3
 Teleport Other           Tloc           6%         N/A       88%         3
 Tukima's Dance           Hex            6%         N/A       88%         3
 Orb of Destruction       Conj           23%        9d8       88%         7
 Animate Armour           Summ/Erth      12%        N/A       99%         4
 Cause Fear               Hex            3%         N/A       99%         4
 Dimensional Bullseye     Hex/Tloc       3%         N/A       99%         4
 Leda's Liquefaction      Hex/Erth       3%         N/A       99%         4
 Manifold Assault         Tloc           6%         N/A       99%         4
 Olgreb's Toxic Radiance  Pois           6%         N/A       99%         4
 Passage of Golubria      Tloc           6%         N/A       99%         4
 Petrify                  Tmut/Erth      6%         N/A       99%         4
 Summon Ice Beast         Ice/Summ       6%         N/A       99%         4
 Vhi's Electric Charge    Tloc/Air       12%        N/A       99%         4
 Bombard                  Conj/Erth      13%        9d3       99%         6
 Conjure Ball Lightning   Conj/Air       13%        3x3d6     99%         6
 Alistair's Intoxication  Tmut/Pois      4%         N/A       100%        5
 Metabolic Englaciation   Hex/Ice        3%         N/A       100%        5
 Summon Forest            Summ/Tloc      3%         N/A       100%        5
 Summon Mana Viper        Hex/Summ       6%         N/A       100%        5
 Yara's Violent Unravell  Hex/Tmut       3%         3d4       100%        5
 Dispersal                Tloc           3%         N/A       100%        6
 Plasma Beam              Fire/Air       12%        2x1d23    100%        6
 Simulacrum               Ice/Necr       12%        N/A       100%        6
 Summon Cactus Giant      Summ           3%         N/A       100%        6
 Haunt                    Necr/Summ      12%        N/A       100%        7
 Malign Gateway           Summ/Tloc      3%         N/A       100%        7
 Monstrous Menagerie      Summ           3%         N/A       100%        7
 Ozocubu's Refrigeration  Ice            3%         4d8       100%        7
 Spellforged Servitor     Conj/Summ      13%        N/A       100%        7
 Summon Hydra             Summ           3%         N/A       100%        7
 Discord                  Hex            3%         N/A       100%        8
 Disjunction              Tloc           3%         N/A       100%        8
 Infestation              Necr           21%        N/A       100%        8
 Lehudib's Crystal Spear  Conj/Erth      13%        10d5      100%        8
 Maxwell's Capacitive Co  Air            3%         ∞         100%        8
 Summon Horrible Things   Summ           3%         N/A       100%        8
 Dragon's Call            Summ           3%         N/A       100%        9


Dungeon Overview and Level Annotations

Branches:
Dungeon (15/15)            Temple (1/1) D:4            Lair (5/5) D:11
  Swamp (4/4) Lair:2        Snake (4/4) Lair:2        Slime (0/5) Lair:5
    Orc (2/2) D:12            Elf (3/3) Orc:2        Vaults (5/5) D:14
  Crypt (3/3) Vaults:3       Tomb (1/3) Crypt:3      Depths (4/4) D:15
   Hell (visited)             Dis (7/7) Hell            Geh (0/7) Hell
    Coc (0/7) Hell            Tar (0/7) Hell            Zot (5/5) Depths:4
 WizLab (visited)         Desolation (visited)

Altars:
Ashenzari
Cheibriados
Dithmenos
Elyvilon
Fedhas
Gozag
Hepliaklqana
Kikubaaqudgha
Makhleb
Nemelex Xobeh
Okawaru
Qazlal
Ru
Sif Muna
Trog
Uskayaw
Vehumet
Wu Jian
Xom
Yredelemnul
Zin
The Shining One
Jiyva

Shops:
D:6 [   D:9 =::   D:10 [   Orc:1 *   Orc:2 ((*!   Snake:2 [*(   Vaults:4 *

Portals:
Hell: Depths:1 Depths:2 Depths:3 Depths:4
Abyss: Depths:2 Depths:3
Pandemonium: Depths:2
Ziggurat: Depths:4

Annotations:
Swamp:1 3 runed translucent doors, GordonOverkill's ghost, adept VSDe
Swamp:4 Roxanne
Dis:7 exclusion: 4 doors


Innate Abilities, Weirdness & Mutations

Your life essence is reduced to manifest your ancestor. (-10% HP)
You are immune to sickness and miasma.
Your stone body is resilient. (AC +20)
You are immune to poison.
Your large and strong wings let you fly.
You resist negative energy. (rN+)
You are resistant to electric shocks. (rElec)
You are resistant to unholy torment.
You are immune to petrification.
Your flesh is cold resistant. (rC+)
Your magical capacity is low. (-10% MP)
Your natural rate of healing is unusually fast.
Potions are less effective at restoring your health.


Message History

The Hell Sentinel gestures at you.
The sphere of damnation explodes!
The damnation engulfs you!!
The damnation engulfs the Hell Sentinel.
The Hell Sentinel completely resists.
Unknown command.
You completely miss the Hell Sentinel.
The Hell Sentinel is severely wounded.
Conan hits the iron giant but does no damage.
Conan hits the iron giant with a +0 antimagic quick blade.
The iron giant's magic leaks into the air.
Unknown command.
You whack the Hell Sentinel!
The Hell Sentinel convulses!
The Hell Sentinel is severely wounded.
Conan hits the iron giant with a +0 antimagic quick blade.
The iron giant's magic leaks into the air.
Conan barely misses the iron giant.
Conan gestures at the iron giant while chanting.
The iron giant resists with almost no effort.
The Hell Sentinel hits you but does no damage.
You block the Hell Sentinel's attack.
Aiming: Bolt of Light
Press: ? - help, Shift-Dir - straight line, f - Hell Sentinel
Aim: a Hell Sentinel (98% to hit)
The bolt of light hits the Hell Sentinel!
The Hell Sentinel is almost dead.
The Hell Sentinel is blinded.
The bolt of light hits the Hell Sentinel but does no damage.
The Hell Sentinel is blinded.
The bolt of light hits the iron giant.
The iron giant is lightly wounded.
The iron giant is blinded.
The Hell Sentinel gestures at you.
The sphere of damnation explodes!
The damnation engulfs the Hell Sentinel.
The Hell Sentinel completely resists.
The damnation engulfs the Hell Sentinel.
The Hell Sentinel completely resists.
The damnation engulfs you!!!
* * * LOW HITPOINT WARNING * * *
The Hell Sentinel gestures at you.
The sphere of damnation explodes!
The damnation engulfs you!!
You die...

..###' ....##+##.~~~~~
#...... ... #.....~~~~~
#.#.... .. #......~~~.
+......##'####..........
+.......................
#.#....CR........###'###
#......1.........#..)...
....##1##.......#......
. #.@.#.......#......
#...#.......#......
#...##..##..#......
###################


You could see the friendly Conan the hexer (fast), an iron giant (blind, ally
target, magic disrupted) and 2 Hell Sentinels.

Vanquished Creatures
  Cerebov (Pan)
  Gloorx Vloq (Pan)
  Lom Lobon (Pan)
  Mnoleg (Pan)
  Khufu (Crypt:3)
  3 ancient liches
  Mennas (Vaults:2)
  11 pandemonium lords (Pan)
  2 orbs of fire
  2 royal mummies
  4 Killer Klowns (Zot:5)
  Bai Suzhen (Crypt:1)
  Xtahua (Vaults:2)
  2 curse toes (Zot:3)
  Geryon (Hell)
  A caustic shrike (Depths:2)
  10 golden dragons
  3 bone dragons
  3 doom hounds (Zot:4)
  2 profane servitors (Abyss:3)
  Norris (Vaults:2)
  5 iron giants
  2 Tzitzimimeh
  4 electric golems
  3 Brimstone Fiends (Pan)
  3 Ice Fiends (Pan)
  Mlioglotl (Snake:1)
  Jorgrun (Swamp:3)
  22 tentacled monstrosities
  5 Hell Sentinels
  5 liches
  A walking crystal tome (Depths:1)
  13 Orb Guardians (Zot:5)
  A walking earthen tome (Depths:2)
  6 titans
  2 deep elf blademasters (Elf:3)
  8 sphinxes
  8 death cobs
  2 deep elf master archers (Elf:3)
  11 quicksilver dragons
  10 ancient champions
  21 Executioners (Pan)
  13 tentacled starspawn
  Frances (Snake:1)
  A thorn hunter (Swamp:2)
  12 shadow dragons
  2 tengu reavers (Vaults:5)
  A daeva (Abyss:3)
  6 nagarajas
  15 storm dragons
  6 draconian monks
  12 demonspawn warmongers (Pan)
  An azure jelly (Swamp:4)
  Donald (Orc:1)
  A fenstrider witch (Swamp:3)
  12 fire giants
  12 frost giants
  6 deep elf sorcerers
  4 draconian knights
  23 balrugs
  4 quicksilver elementals
  16 vault wardens
  8 draconian scorchers
  6 iron dragons
  A caustic shrike zombie (Tomb:1)
  2 orc warlords
  A deep elf elementalist (Elf:3)
  7 ghost moths
  24 cacodemons
  6 draconian shifters
  5 curse skulls
  2 draconian stormcallers
  3 draconian annihilators
  3 spriggan defenders
  18 ironbound preservers
  5 demonspawn corrupters (Pan)
  7 demonspawn blood saints (Pan)
  33 very ugly things
  8 ghouls
  19 reapers
  19 war gargoyles
  A formless jellyfish (shapeshifter) (Depths:2)
  12 stone giants
  4 deep elf demonologists
  A caustic shrike skeleton (Pan)
  A formless jellyfish (Vaults:2)
  3 ironbound thunderhulks
  6 vampire knights
  11 green draconians
  5 white draconians
  2 halazid warlocks (Desolation)
  2 eleionomae
  12 demonspawn black suns (Pan)
  5 yellow draconians
  A dire elephant (shapeshifter) (Vaults:5)
  The ghost of schaIuck the Geomancer, a journeyman GrEE of Vehumet (Lair:5)
  2 bunyips (Swamp:1)
  28 lorocyprocas
  2 deep elf annihilators
  8 black draconians
  8 red draconians
  11 purple draconians
  2 dire elephants
  5 spark wasps
  7 iron golems
  Snorg (Orc:2)
  8 deep elf death magi
  3 eidola
  14 ettins
  15 blizzard demons
  An ettin (shapeshifter) (Vaults:5)
  12 green deaths (Pan)
  3 mummy priests (Tomb:1)
  5 crystal guardians
  4 great orbs of eyes
  2 entropy weavers
  3 rakshasas
  11 fire dragons
  A merfolk impaler (Depths:2)
  3 deep elf high priests
  Josephine (D:10)
  6 jiangshi
  A fenstrider witch zombie (Crypt:3)
  4 hydras
  An ice dragon (shapeshifter) (D:13)
  A shambling mangrove (Swamp:1)
  35 vault guards
  9 yaktaur captains
  The ghost of flt the Arsonist, a journeyman DgFE (D:12)
  5 salamander tyrants
  A ragged hierophant (Desolation)
  2 peacekeepers (Desolation)
  12 ice dragons
  2 spriggan zombies (Crypt:3)
  6 servants of whispers (Desolation)
  7 spriggan air magi
  9 anacondas
  3 hell beasts
  4 centaur warriors
  2 catoblepae (Lair:5)
  A death knight (Crypt:1)
  2 ghost crabs
  A caustic shrike simulacrum (Abyss:3)
  An ogre mage (Vaults:5)
  10 alligators
  4 boulder beetles
  The ghost of Dnvifnvgi the Fighter, a novice MiFi of Okawaru (D:9)
  26 dancing weapons
  6 ironbound frosthearts
  5 two-headed ogres
  16 death scarabs (Tomb:1)
  16 naga warriors
  4 deep troll shamans
  4 deep troll earth magi
  10 tengu warriors
  A titan zombie (Crypt:3)
  7 death yaks
  5 thrashing horrors (Abyss:3)
  7 vampire magi
  10 hell hogs
  3 shock serpents
  7 spriggan berserkers
  21 demonic crawlers
  25 hell knights
  8 naga sharpshooters
  93 sun demons
  23 deep elf knights
  41 soul eaters
  2 titan skeletons (Pan)
  6 skysharks
  19 skeletal warriors
  2 wretched stars (Abyss:3)
  20 sixfirhies
  3 crystal echidnas
  Amaemon (Lair:3)
  6 salamander mystics
  5 shadow wraiths
  7 iron trolls
  4 goliath frogs (Swamp:3)
  2 spatial maelstroms (Abyss:3)
  54 deep trolls
  A bunyip zombie (Abyss:3)
  A spriggan druid (Swamp:4)
  A death drake (Swamp:4)
  2 anaconda zombies (Hell)
  A swamp dragon (Swamp:4)
  2 deep trolls (shapeshifter)
  4 flayed ghosts
  6 glowing orange brains
  10 shadow demons (Pan)
  10 wizards
  2 bunyip skeletons
  12 necromancers
  12 deep elf archers
  An anaconda skeleton (Crypt:3)
  2 alligator zombies
  A harpy (Vaults:1)
  5 naga ritualists
  3 bog bodies
  13 mana vipers
  30 deep elf zephyrmancers
  12 ironbound convokers
  7 orc knights
  4 phantasmal warriors
  30 deep elf pyromancers
  6 lindwurms
  7 orc sorcerers
  2 shining eyes (Pan)
  A will-o-the-wisp (Swamp:1)
  12 ugly things
  16 salamanders
  2 worldbinders (Abyss:3)
  3 cyclopes
  3 elephants (Lair:5)
  4 rust devils
  14 vault sentinels
  33 black mambas
  31 moths of wrath
  52 large abominations
  3 manticores
  A stone giant skeleton (Crypt:3)
  24 starcursed masses
  20 naga magi
  An ice statue (Hell)
  2 apocalypse crabs (Abyss:3)
  6 guardian serpents
  A gargoyle (D:11)
  3 torpor snails
  A dire elephant zombie (Abyss:1)
  An eye of devastation (Pan)
  2 molten gargoyles
  31 orange demons
  A cane toad (shapeshifter) (D:13)
  A torpor snail (shapeshifter) (Vaults:4)
  2 dire elephant skeletons
  A naga skeleton (Pan)
  4 centaur skeletons
  11 hellions
  12 cane toads
  4 unseen horrors
  36 smoke demons
  12 freezing wraiths
  2 human zombies
  4 rime drakes
  A white draconian skeleton (Crypt:1)
  10 komodo dragons
  A bunyip simulacrum (Hell)
  9 tormentors
  11 efreet
  4 tengu conjurers
  4 kobold demonologists
  A golden dragon simulacrum (Vaults:3)
  7 guardian mummies (Tomb:1)
  3 alligator snapping turtle skeletons
  5 ice devils
  28 yaktaurs
  10 red devils (Pan)
  8 ancient zymes
  A meliai (shapeshifter) (D:15)
  3 polar bears
  7 tyrant leeches
  9 meliai
  16 hellwings
  A mana viper skeleton (Crypt:1)
  4 trolls
  10 hornets
  A blink frog (Lair:1)
  2 harpy skeletons
  Grinder (D:5)
  7 raiju
  10 dream sheep
  20 saltlings (Desolation)
  3 ettin zombies
  2 hydra skeletons (Pan)
  A dream sheep (shapeshifter) (Vaults:5)
  4 air elementals
  A jumping spider (shapeshifter) (D:15)
  Sigmund (D:3)
  7 water elementals
  A culicivora (shapeshifter) (Elf:1)
  26 flying skulls
  An ice dragon skeleton (Tomb:1)
  11 slime creatures
  5 spriggans
  A vampire (D:10)
  A shadow (D:10)
  9 wyverns
  A wyvern (shapeshifter) (D:13)
  2 ettin skeletons
  11 wraiths
  52 ynoxinuls
  3 fire elementals (Elf:2)
  6 humans (D:14)
  A black mamba skeleton (Crypt:2)
  A fire bat (Abyss:2)
  49 yaks
  3 basilisks
  4 golden eyes (Pan)
  A redback (Vaults:1)
  22 chaos spawn
  26 neqoxecs
  A steam dragon (D:9)
  4 swamp worm simulacra (Swamp:4)
  14 vampire mosquitoes
  3 spatial vortices (Abyss:3)
  11 swamp worms
  5 wargs
  3 acid dragons
  A demonspawn zombie (Crypt:1)
  47 nagas
  8 water moccasins
  A glowing shapeshifter skeleton (Vaults:3)
  3 swamp drakes
  15 hydra simulacra
  A merfolk skeleton (Crypt:2)
  17 small abominations
  6 black bears
  7 floating eyes
  8 hexers
  22 orc warriors
  A sky beast (Abyss:3)
  A black bear (shapeshifter) (Vaults:2)
  An elephant zombie (Crypt:2)
  3 wolves
  5 ogres
  An ogre (shapeshifter) (Elf:2)
  A swamp dragon skeleton (Pan)
  12 centaurs
  11 kobold brigands
  A cyclops zombie (Crypt:2)
  A gnoll sergeant (D:13)
  3 scorpions
  7 necrophages
  9 bullfrogs
  5 earth elementals
  A two-headed ogre simulacrum (Abyss:1)
  16 wights
  A warg zombie (Crypt:2)
  A killer bee (D:10)
  10 spriggan skeletons
  An electric eel (Lair:1)
  2 howler monkeys
  A troll skeleton (D:14)
  7 crimson imps (Pan)
  2 centaur zombies
  3 lava snakes (Lair:2)
  2 quasits
  10 hounds
  4 jellies
  A gnoll bouda (D:7)
  17 orc priests
  25 orc wizards
  8 iguanas
  A polar bear simulacrum (Lair:2)
  2 wolf simulacra (Lair:2)
  4 yak simulacra (Lair:2)
  3 mummies
  14 gnolls
  4 adders
  2 shadow imps (D:8)
  4 white imps
  6 ufetubi
  2 swamp drake simulacra (Swamp:4)
  An iguana skeleton (Crypt:2)
  A jelly zombie (Crypt:1)
  An adder skeleton (Crypt:2)
  5 worms
  72 orcs
  3 ball pythons
  4 bats
  5 endoplasms
  4 giant cockroaches
  5 hobgoblins
  3 jackals (D:2)
  3 quokkas
  8 frilled lizards
  A gnoll skeleton (Crypt:1)
  9 goblins
  41 kobolds
  8 kobold skeletons (D:8)
  10 kobold zombies (D:8)
  6 rats
  A river rat simulacrum (Lair:2)
  8 starspawn tentacles
2926 creatures vanquished.

Vanquished Creatures (collateral kills)
  A dread lich (Zot:5)
  2 ancient liches
  2 orbs of fire (Zot:5)
  A Head Instructor (WizLab)
  Margery (Crypt:3)
  2 Killer Klowns (Zot:5)
  A pandemonium lord (Pan)
  Nikola (Elf:1)
  5 golden dragons
  A bone dragon (Zot:4)
  A Tzitzimitl (Pan)
  An iron giant (Hell)
  An electric golem (Zot:5)
  2 Brimstone Fiends (Pan)
  14 tentacled monstrosities
  An Ice Fiend (Pan)
  A Hell Sentinel (Dis:7)
  A walking crystal tome (Depths:2)
  A deep elf blademaster (Elf:2)
  10 Orb Guardians (Zot:5)
  4 titans
  2 ancient champions
  A walking frostbound tome (Depths:3)
  4 liches
  2 quicksilver dragons (Zot:4)
  8 Executioners
  Grunn (Zot:4)
  A tentacled starspawn (Abyss:3)
  A sphinx (Tomb:1)
  8 death cobs
  2 shadow dragons
  Aizul (Snake:1)
  3 demonspawn warmongers (Pan)
  3 tengu reavers
  2 revenants
  4 draconian monks
  8 storm dragons
  5 draconian knights
  12 balrugs (Pan)
  4 fire giants
  An iron dragon (Dis:1)
  2 deep elf sorcerers (Elf:3)
  5 draconian shifters
  3 draconian scorchers
  5 frost giants
  2 quicksilver elementals
  4 ghost moths
  An angel (Abyss:1)
  5 vault wardens
  5 cacodemons (Pan)
  A curse skull (Crypt:1)
  A ghoul (Vaults:3)
  3 deep elf elementalists
  4 war gargoyles
  6 ironbound preservers
  3 demonspawn corrupters (Pan)
  5 very ugly things
  A stone giant (Vaults:5)
  4 draconian annihilators
  A formless jellyfish (Vaults:4)
  2 demonspawn black suns (Pan)
  3 demonspawn blood saints (Pan)
  4 reapers
  5 ironbound thunderhulks
  3 green draconians
  4 eleionomae
  A halazid warlock (Desolation)
  2 deep elf demonologists (Elf:3)
  5 yellow draconians
  A deep elf annihilator (Elf:3)
  5 purple draconians
  4 lorocyprocas
  A spark wasp (Depths:2)
  6 black draconians
  2 bunyips (Swamp:1)
  A dire elephant (Swamp:3)
  8 white draconians
  5 red draconians
  2 blizzard demons (Pan)
  6 green deaths (Pan)
  An ettin (Depths:3)
  2 deep elf death magi
  A merfolk javelineer (Depths:2)
  A deep elf high priest (Elf:2)
  2 shambling mangroves
  A yaktaur captain (Vaults:5)
  A mummy priest (Tomb:1)
  A fire dragon (Depths:2)
  An entropy weaver (Vaults:1)
  3 iron golems
  6 jiangshi
  2 crystal guardians
  2 hydras
  2 spriggan zombies (Abyss:3)
  A great orb of eyes (Vaults:4)
  A ragged hierophant (Desolation)
  3 vault guards
  2 peacekeepers
  An ogre mage (WizLab)
  2 servants of whispers (Desolation)
  A catoblepas (Lair:5)
  2 spriggan air magi
  An ironbound frostheart (Vaults:2)
  3 alligators
  3 rakshasas
  A spriggan skeleton (Pan)
  2 ice dragons
  A hell beast (Pan)
  An anaconda (Snake:3)
  7 dancing weapons
  A boulder beetle (D:13)
  2 centaur warriors (D:14)
  A deep troll shaman (Depths:3)
  2 two-headed ogres
  A death yak (Lair:5)
  4 death scarabs (Tomb:1)
  A tengu warrior (Depths:3)
  6 naga warriors
  A deep troll earth mage (Depths:4)
  A vampire mage (Depths:3)
  7 thrashing horrors
  A naga sharpshooter (Snake:4)
  4 demonic crawlers (Pan)
  14 soul eaters
  11 hell knights
  18 sun demons
  The ghost of qipq the Thaumaturge, a journeyman FeCj of Gozag (D:11)
  2 crystal echidnas
  2 deep elf knights (Elf:2)
  2 spriggan berserkers
  A fire crab (shapeshifter) (Vaults:5)
  An iron troll (Zot:1)
  2 skysharks
  9 sixfirhies
  A cherub (Pan)
  A goliath frog (Swamp:3)
  3 wretched stars (Abyss:3)
  25 deep trolls
  4 shadow demons (Pan)
  2 skeletal warriors (Crypt:3)
  A golden dragon zombie (Crypt:3)
  4 glowing orange brains
  A wizard (Vaults:4)
  A flayed ghost (Crypt:2)
  2 bog bodies
  An obsidian statue (Zot:4)
  A lindwurm (Vaults:2)
  3 swamp dragons
  An iron giant skeleton (Abyss:3)
  5 ironbound convokers
  3 orc knights
  3 naga ritualists
  A deep elf archer (Elf:3)
  A phantasmal warrior (Crypt:1)
  4 necromancers
  10 deep elf pyromancers
  13 large abominations
  2 mana vipers
  8 deep elf zephyrmancers
  4 ugly things
  3 orc sorcerers
  2 manticores
  A human zombie (Crypt:3)
  5 oklob plants
  3 will-o-the-wisps
  An iron dragon skeleton (Pan)
  2 salamanders (Snake:4)
  7 moths of wrath
  A centaur zombie (Hell)
  5 black mambas
  5 guardian serpents
  2 elephants
  2 molten gargoyles (Hell)
  An ice statue (Hell)
  8 naga magi
  13 smoke demons
  6 orange demons (Pan)
  An elf zombie (Vaults:3)
  3 cane toads
  A rime drake (Lair:3)
  2 efreet
  4 hellions
  2 freezing wraiths
  An ice devil (Pan)
  7 tormentors (Pan)
  6 yaktaurs
  2 komodo dragons
  3 hydra zombies
  An anaconda simulacrum (Hell)
  An ancient zyme (Abyss:3)
  A queen bee (Abyss:3)
  2 guardian mummies (Tomb:1)
  5 red devils
  2 meliai (Abyss:3)
  A troll (Zot:1)
  3 tyrant leeches
  24 saltlings (Desolation)
  3 hellwings (Pan)
  A polar bear (Lair:5)
  6 hornets
  A hydra skeleton (Hell)
  2 blink frogs (Lair:1)
  4 dream sheep
  2 slime creatures
  A culicivora (shapeshifter) (Depths:2)
  12 flying skulls (Crypt:3)
  5 water elementals
  An air elemental (Elf:2)
  2 spriggans
  16 yaks
  An ushabti (Tomb:1)
  11 ynoxinuls
  A basilisk (Lair:5)
  10 starcursed masses
  4 humans (D:14)
  A wraith (Vaults:3)
  7 chaos spawn
  A wyvern (D:10)
  A golden eye (Abyss:2)
  A swamp worm simulacrum (Swamp:4)
  2 sea snake simulacra (Hell)
  7 neqoxecs
  7 vampire mosquitoes
  4 spatial vortices (Abyss:3)
  A swamp worm (D:13)
  2 wargs
  24 nagas
  A hydra simulacrum (Swamp:4)
  A hell hound (Swamp:3)
  8 water moccasins
  A swamp drake (Swamp:3)
  7 orc warriors
  A snapping turtle zombie (Crypt:1)
  A hexer (Snake:2)
  A black bear (D:11)
  2 wolves
  A centaur (D:14)
  A kobold brigand (D:10)
  5 bullfrogs
  An earth elemental (Elf:1)
  A necrophage (Crypt:1)
  A wight (D:10)
  2 crimson imps
  7 orc priests
  An iron imp (Abyss:3)
  16 orc wizards
  2 lightning spires (Zot:4)
  A wolf simulacrum (Lair:2)
  3 small abominations (Abyss:3)
  4 mummies
  A swamp drake simulacrum (Swamp:4)
  A lava snake skeleton (Crypt:2)
  17 orcs
  3 endoplasms (Lair:5)
  2 river rat simulacra (Lair:2)
889 creatures vanquished.

Vanquished Creatures (others)
  2 Orb Guardians (Zot:5)
  An ancient champion (Dis:2)
  An eldritch tentacle (Pan)
  A draconian knight (Zot:3)
  A deep elf elementalist (Abyss:3)
  A demonspawn blood saint (Pan)
  A red draconian (Zot:1)
  A blizzard demon (Pan)
  A salamander tyrant (Snake:4)
  A naga sharpshooter (Snake:4)
  A deep elf knight (Elf:1)
  A goliath frog (Swamp:4)
  A deep elf pyromancer (Elf:1)
  A will-o-the-wisp (Swamp:4)
  A salamander (Snake:4)
  A moth of wrath (Zot:5)
  A tengu conjurer (Depths:2)
  A tormentor (Pan)
  A bloated husk (Swamp:4)
  2 saltlings (Desolation)
  A large abomination (Abyss:3)
  A kobold brigand (D:7)
  4 ancestors (D:10)
  119 hexers
  2 orc wizards
  An orc (D:9)
  3 ball lightnings (Pan)
  A butterfly (D:6)
  A fire vortex (Pan)
  18 foxfires
  A lurking horror (Abyss:3)
  33 starspawn tentacles
207 creatures vanquished.

Grand Total: 4022 creatures vanquished

Notes
Turn   | Place    | Note
-------+----------+-------------------------------------------
     0 | D:1      | andwaal the Gargoyle Fighter began the quest for the Orb.
     0 | D:1      | Reached XP level 1. HP: 14/14 MP: 1/1
   118 | D:1      | Found a faded altar of an unknown god.
   269 | D:1      | Reached XP level 2. HP: 19/19 MP: 2/2
   561 | D:2      | Reached XP level 3. HP: 24/24 MP: 3/3
   799 | D:2      | Reached XP level 4. HP: 13/29 MP: 4/4
  1201 | D:2      | Reached XP level 5. HP: 31/33 MP: 5/5
  1658 | D:3      | Noticed Sigmund
  1704 | D:4      | Found a sparkling altar of Nemelex Xobeh.
  1736 | D:4      | Found a staircase to the Ecumenical Temple.
  1795 | Temple   | Entered the Ecumenical Temple
  2056 | D:3      | Killed Sigmund
  2057 | D:3      | Reached XP level 6. HP: 33/39 MP: 6/6
  2461 | D:4      | Found an ornate altar of the Wu Jian Council.
  2489 | D:4      | Reached skill level 5 in Armour
  2489 | D:4      | Reached skill level 5 in Shields
  2541 | D:4      | Found a broken altar of Ashenzari.
  2579 | D:4      | Reached skill level 5 in Fighting
  2579 | D:4      | Reached XP level 7. HP: 44/44 MP: 7/7
  2938 | D:5      | Entered Level 5 of the Dungeon
  3170 | D:5      | Found an opulent altar of Gozag.
  3241 | D:5      | Reached skill level 1 in Dodging
  3617 | D:5      | Noticed Grinder
  3631 | D:5      | Killed Grinder
  3632 | D:5      | Reached XP level 8. HP: 51/51 MP: 8/8
  4052 | D:6      | Noticed a yak
  4052 | D:6      | Noticed a yak
  4052 | D:6      | Noticed a yak
  4123 | D:5      | Killed a yak
  4124 | D:5      | Reached skill level 5 in Polearms
  4741 | D:5      | Killed a yak
  4742 | D:5      | Reached XP level 9. HP: 36/57 MP: 9/9
  5039 | D:6      | Found Ydifai's Antique Armour Boutique.
  5103 | D:6      | Found a white marble altar of Elyvilon.
  5162 | D:6      | Bought a pair of brightly glowing boots for 266 gold pieces
  5162 | D:6      | Identified the +0 pair of boots "Guimug" {Dex+3} (You
                  | bought it in a shop on level 6 of the Dungeon)
  7917 | D:8      | Found a shadowy altar of Dithmenos.
  7930 | D:8      | Reached XP level 10. HP: 61/65 MP: 10/10
  8006 | D:7      | Reached skill level 5 in Dodging
  9257 | D:8      | Found an ancient bone altar of Kikubaaqudgha.
  9257 | D:8      | Noticed a kobold demonologist
  9259 | D:8      | Noticed a soul eater
  9300 | D:7      | Killed a kobold demonologist
  9956 | D:9      | Found a hazy altar of Hepliaklqana.
 10198 | D:9      | Reached skill level 10 in Fighting
 10280 | D:9      | Became a worshipper of Hepliaklqana the Forgotten
 10594 | D:9      | Found a shimmering blue altar of Sif Muna.
 10657 | D:9      | Found a runed translucent door.
 10695 | D:9      | Found Maysehots's Jewellery Boutique.
 10702 | D:9      | Noticed Dnvifnvgi's ghost (novice MiFi)
 10702 | D:9      | Noticed a centaur warrior
 10715 | D:9      | Found Huogokh's Book Shop.
 10874 | D:9      | Reached XP level 11. HP: 43/72 MP: 11/11
 11341 | D:9      | Found a glowing golden altar of the Shining One.
 11341 | D:9      | Found an ancient bone altar of Kikubaaqudgha.
 11501 | D:9      | Noticed a walking earthen tome
 11502 | D:9      | Found Wejemy's Book Shop.
 11504 | D:9      | Noticed a walking earthen tome
 11909 | D:10     | Entered Level 10 of the Dungeon
 11994 | D:10     | Reached * piety under Hepliaklqana
 12154 | D:10     | Noticed a cyclops
 12353 | D:10     | Noticed Josephine
 12939 | D:10     | Killed Josephine
 13252 | D:10     | Found Viatsud's Armour Shoppe.
 13264 | D:10     | Identified a scroll of acquirement
 13264 | D:10     | Acquired 505 gold pieces
 13266 | D:10     | Bought a +1 helmet of see invisible for 231 gold pieces
 13605 | D:6      | Bought a runed cloak for 210 gold pieces
 13849 | D:10     | Found a snail-covered altar of Cheibriados.
 14150 | D:10     | Reached ** piety under Hepliaklqana
 14152 | D:10     | Remembered your ancestor Conan as a hexer
 14287 | D:10     | Noticed a two-headed ogre
 14318 | D:11     | Noticed qipq's ghost (journeyman FeCj)
 14318 | D:11     | Noticed a moth of wrath
 14318 | D:11     | Noticed a deep troll
 14320 | D:11     | Found a bloodstained altar of Trog.
 14320 | D:11     | Found a transporter.
 14320 | D:11     | Noticed a two-headed ogre
 14337 | D:11     | Found a transporter.
 14470 | D:11     | Found a staircase to the Lair.
 14474 | D:11     | Noticed a death yak
 14559 | D:11     | Killed a death yak
 14745 | D:11     | Identified the +0 battleaxe "andwaal's Bane" {heavy, Int+3}
 14769 | D:11     | Noticed a boulder beetle
 14785 | D:11     | Killed a boulder beetle
 14977 | D:11     | Found a glowing golden altar of the Shining One.
 14986 | D:11     | Reached XP level 12. HP: 72/72 MP: 12/12
 15224 | Lair:1   | Entered Level 1 of the Lair of Beasts
 15224 | Lair:1   | Found a blossoming altar of Fedhas.
 15303 | Lair:1   | Reached skill level 10 in Polearms
 15551 | Lair:1   | Reached skill level 10 in Armour
 16529 | Lair:2   | Reached *** piety under Hepliaklqana
 16647 | Lair:2   | Found a staircase to the Swamp.
 16698 | Lair:2   | Reached skill level 1 in Invocations
 16698 | Lair:2   | Reached XP level 13. HP: 79/79 MP: 13/13
 16724 | Lair:2   | Acquired 725 gold pieces
 16726 | Lair:2   | Acquired a +1 demon trident of draining
 16749 | Lair:2   | Acquired 602 gold pieces
 16993 | Lair:2   | Found a staircase to the Snake Pit.
 17614 | Lair:3   | Noticed Amaemon
 17630 | Lair:3   | Killed Amaemon
 17779 | Lair:3   | Reached **** piety under Hepliaklqana
 18805 | Lair:4   | Reached skill level 5 in Invocations
 19573 | Lair:5   | Entered Level 5 of the Lair of Beasts
 19614 | Lair:5   | Gained mutation: Your large and strong wings let you fly.
                  | [Gargoyle growth]
 19614 | Lair:5   | Reached XP level 14. HP: 86/86 MP: 18/18
 19742 | Lair:5   | Found a runed translucent door.
 19742 | Lair:5   | Noticed schaIuck's ghost (journeyman GrEE)
 19909 | Lair:5   | Killed schaIuck's ghost
 19910 | Lair:5   | Reached skill level 15 in Fighting
 19913 | Lair:5   | Acquired 904 gold pieces
 20005 | Lair:5   | Reached ***** piety under Hepliaklqana
 20774 | Lair:5   | Found a runed translucent door.
 20774 | Lair:5   | Found a viscous altar of Jiyva.
 20996 | Lair:5   | Found a staircase to the Slime Pits.
 21171 | D:12     | Gained mutation: You are dopey. (Int -2) [a neqoxec]
 21361 | D:12     | Found a runed translucent gate.
 21361 | D:12     | Found a runed translucent gate.
 21361 | D:12     | Found a runed translucent gate.
 21363 | D:12     | Noticed flt's ghost (journeyman DgFE)
 21364 | D:12     | Noticed a frost giant
 22052 | D:12     | Found a staircase to the Orcish Mines.
 22491 | D:13     | Identified the +5 dagger of Rimaw {vamp, rPois SInv}
 22984 | D:13     | Reached XP level 15. HP: 46/93 MP: 21/21
 23266 | D:13     | Reached skill level 15 in Armour
 23358 | D:13     | Identified the +9 falchion of Soft Purpose {heavy, rC-
                  | rCorr Str+6}
 23566 | D:14     | Found a gate to the Vaults.
 23836 | D:14     | Found a burning altar of Makhleb.
 24003 | D:14     | Identified the ring of Xom's Fair Game {+Blink rPois}
 24110 | D:14     | Reached XP level 16. HP: 99/99 MP: 22/22
 24362 | D:15     | Entered Level 15 of the Dungeon
 24660 | D:15     | Reached skill level 10 in Shields
 25393 | D:15     | Found a staircase to the Depths.
 25523 | Orc:1    | Entered Level 1 of the Orcish Mines
 25884 | Orc:1    | Reached ****** piety under Hepliaklqana
 26257 | Orc:1    | Found Vev Tilodgh's Overcharged Wands.
 26455 | Orc:2    | Entered Level 2 of the Orcish Mines
 26705 | Orc:2    | Noticed Donald
 26769 | Orc:1    | Killed Donald
 27157 | Orc:2    | Noticed Snorg
 27169 | Orc:2    | Killed Snorg
 27376 | Orc:2    | Found a staircase to the Elven Halls.
 27523 | Orc:2    | Found Wafeab's Distillery.
 27523 | Orc:2    | Found Moyq Epni's Assorted Antiques.
 27536 | Orc:2    | Bought a scroll of enchant armour for 202 gold pieces
 27546 | Orc:2    | Bought a potion of ambrosia for 104 gold pieces
 27546 | Orc:2    | Bought a potion of curing for 39 gold pieces
 27546 | Orc:2    | Bought a potion of might for 52 gold pieces
 27660 | Orc:2    | Found Egodolun's Weapon Boutique.
 27660 | Orc:2    | Found Baulacit's Antique Weapon Shoppe.
 27972 | Snake:1  | Entered Level 1 of the Snake Pit
 28074 | D:10     | Reached skill level 1 in Evocations
 28268 | D:9      | Bought a ring of protection from cold for 300 gold pieces
 28796 | Snake:1  | Noticed Mlioglotl
 28851 | Snake:1  | Reached XP level 17. HP: 41/107 MP: 23/23
 29157 | Snake:1  | Noticed Frances
 29167 | Snake:1  | Killed Frances
 29381 | Snake:1  | Noticed a tentacled starspawn
 29578 | Snake:1  | Noticed Aizul
 29589 | Snake:1  | Killed Aizul
 29933 | Snake:1  | Killed Mlioglotl
 30067 | Snake:1  | Reached skill level 5 in Evocations
 31125 | D:6      | Bought a pair of crude gloves for 266 gold pieces
 31125 | D:6      | Identified the +2 pair of gloves of the Depths {rPois} (You
                  | bought it in a shop on level 6 of the Dungeon)
 31358 | D:9      | Killed Dnvifnvgi's ghost
 31727 | Snake:2  | Found Ovaizu's Antique Weapon Shop.
 31731 | Snake:2  | Found Qaeh Tau's Assorted Antiques.
 31732 | Snake:2  | Found Diquloh's Armour Shop.
 31737 | Snake:2  | Bought a scroll of fog for 104 gold pieces
 31739 | Snake:2  | Bought a scarf of repulsion for 168 gold pieces
 33100 | Snake:3  | Reached skill level 1 in Throwing
 33101 | Snake:3  | Reached XP level 18. HP: 102/116 MP: 24/24
 33246 | Snake:4  | Entered Level 4 of the Snake Pit
 33962 | Snake:4  | Reached skill level 5 in Throwing
 36728 | Snake:4  | Got a serpentine rune of Zot
 36963 | Swamp:1  | Entered Level 1 of the Swamp
 36968 | Swamp:1  | Noticed a tentacled monstrosity
 36972 | Swamp:1  | Noticed GordonOverkill's ghost (adept VSDe)
 37024 | Swamp:1  | Found a runed translucent gate.
 37025 | Swamp:1  | Found a runed translucent gate.
 37036 | Swamp:1  | Found a runed translucent gate.
 37107 | Swamp:1  | Reached skill level 10 in Throwing
 38282 | Swamp:2  | Reached XP level 19. HP: 121/121 MP: 25/25
 39004 | Swamp:3  | Noticed a tentacled monstrosity
 39014 | Swamp:3  | Killed a tentacled monstrosity
 39341 | Swamp:3  | Noticed Jorgrun
 39354 | Swamp:3  | Killed Jorgrun
 39773 | Swamp:4  | Entered Level 4 of the Swamp
 40123 | Swamp:4  | Noticed Roxanne
 40864 | Swamp:4  | Got a decaying rune of Zot
 41298 | Elf:1    | Entered Level 1 of the Elven Halls
 41298 | Elf:1    | Noticed Nikola
 41465 | Elf:1    | Killed Nikola
 42047 | Elf:1    | Reached skill level 15 in Polearms
 42226 | Elf:1    | Got a peculiar book
 42832 | Elf:1    | You are sucked into a shaft and drop 1 floor!
 42920 | Elf:2    | Reached XP level 20. HP: 127/127 MP: 16/26
 43150 | Elf:2    | Found a huge runed translucent gate.
 43150 | Elf:2    | Found a huge runed translucent gate.
 43151 | Elf:2    | Found a huge runed translucent gate.
 43152 | Elf:2    | Found a huge runed translucent gate.
 43153 | Elf:2    | Found a huge runed translucent gate.
 43565 | Elf:2    | Paralysed by an air elemental for 1 turns
 43854 | Elf:2    | Paralysed by an air elemental for 1 turns
 44523 | Elf:2    | Paralysed by an air elemental for 1 turns
 44746 | Elf:3    | Entered Level 3 of the Elven Halls
 46915 | Elf:3    | Identified the amulet "Qepiyrgha" {Faith SInv}
 46952 | Elf:3    | Identified the +7 gold dragon scales of Joy {*Slow rPois
                  | rF+ rC+ MP+9 Int+3}
 46964 | Elf:3    | Identified the +4 demon blade of Instinct {heavy, rCorr
                  | Int+4}
 47453 | Elf:3    | Identified the +6 double sword "Macavas" {drain, rElec
                  | Str+6 Stlth-}
 47453 | Elf:3    | Identified the ring of Discretion {Fly rElec Int+6}
 47810 | Elf:3    | Identified the ring "Wisuir" {Will+ rCorr EV+5 Str+2}
 47816 | Elf:3    | Reached XP level 21. HP: 104/134 MP: 22/27
 48501 | Elf:3    | Identified the +11 arbalest "Ossoujio" {elec, rElec Str-2
                  | Int+6}
 48503 | Elf:3    | Got an uncut book
 48505 | Elf:3    | Got a resplendent book
 48508 | Elf:3    | Identified the +4 scale mail of Zeuwisk {Fly rC- rCorr
                  | Dex+2}
 48530 | Elf:3    | Got an engraved book
 49057 | Depths:1 | Entered Level 1 of the Depths
 49445 | D:15     | Acquired 943 gold pieces
 50069 | Depths:1 | Found a stormy altar of Qazlal.
 50435 | Depths:1 | Found a gateway to Hell.
 52782 | Depths:2 | Identified the +0 leather armour of Agogiur {rF+}
 52832 | Depths:2 | Noticed a caustic shrike
 52841 | Depths:2 | Killed a caustic shrike
 53061 | Depths:2 | Identified the staff "Jiese" {Fragile rCorr SInv Stlth+
                  | Earth}
 53373 | Depths:2 | Found a one-way gate to the infinite horrors of the Abyss.
 53374 | Depths:2 | Found a one-way gate leading to the halls of Pandemonium.
 53522 | Depths:2 | Found the +4 Cigotuvi's embrace {Corpsefed rMiasma Drain
                  | rN+}
 53560 | Depths:2 | Got a foxed book
 53633 | Depths:2 | Identified the +6 shortbow of Floods {flame, Contam rPois
                  | rF++ Will+}
 53660 | Depths:2 | Reached XP level 22. HP: 143/144 MP: 27/28
 53787 | Depths:2 | Upgraded the game from 0.31-a0-832-g3a2c1c66ba to
                  | 0.31-a0-835-g2a3a5bc3be
 54351 | Depths:3 | Noticed a golden dragon
 54399 | Depths:3 | Killed a golden dragon
 54434 | Depths:3 | Noticed a golden dragon
 54459 | Depths:3 | Killed a golden dragon
 55047 | Depths:3 | Paralysed by a floating eye for 2 turns
 55288 | Depths:3 | Identified the ring of Jigiel {Ice rElec Int+2 Dex+4}
 55452 | Depths:3 | Identified the +1 great mace of the Wary Artists {heavy,
                  | rN+ Int+3}
 55529 | Depths:3 | Found a radiant altar of Vehumet.
 55793 | Depths:4 | Entered Level 4 of the Depths
 56045 | Depths:4 | Found the +5 robe of Night {Dark Will+ SInv}
 56055 | Depths:4 | Found a one-way gateway to a ziggurat.
 56410 | Depths:4 | Reached XP level 23. HP: 127/156 MP: 21/29
 56426 | Depths:4 | Found a gate to the Realm of Zot.
 56452 | Depths:4 | Reached skill level 27 in Fighting
 57042 | Depths:4 | Noticed a golden dragon
 57055 | Depths:4 | Killed a golden dragon
 57411 | Vaults:1 | Entered Level 1 of the Vaults
 57596 | Vaults:1 | Reached skill level 10 in Invocations
 57659 | Vaults:1 | Found a magical portal.
 57668 | WizLab   | Entered Yara's Duelist Academy
 57977 | WizLab   | Noticed Vauwk
 57996 | WizLab   | Killed Vauwk the Head Instructor
 58159 | WizLab   | Found the +5 demon whip "Spellbinder" {antimagic, disrupt,
                  | Will+}
 59239 | Vaults:2 | Noticed Norris
 59285 | Vaults:2 | Killed Norris
 59601 | Vaults:2 | Noticed Mennas
 59660 | Vaults:2 | Noticed Xtahua
 59686 | Vaults:2 | Killed Xtahua
 59812 | Vaults:2 | Reached skill level 10 in Evocations
 59882 | Vaults:2 | Killed Mennas
 60044 | Vaults:2 | Reached skill level 1 in Maces & Flails
 60513 | Vaults:2 | Reached skill level 5 in Maces & Flails
 61453 | Vaults:3 | Found a crumbling gateway.
 61462 | Desolati | Entered the Desolation of Salt
 61475 | Desolati | Reached XP level 24. HP: 162/162 MP: 31/31
 61648 | Desolati | Identified the -2 pair of gloves of Osic {Int+3}
 61967 | Desolati | Identified the +2 robe "Jegouc" {Str+4}
 62016 | Desolati | Got an ancient book
 62020 | Desolati | Identified the amulet of Meamuer {Spirit Harm Fragile rPois
                  | Int+3}
 62032 | Desolati | Identified the +1 ring mail "Fekel" {Dex+2}
 62035 | Desolati | Got a yellowed book
 62088 | Desolati | Reached skill level 10 in Maces & Flails
 62126 | Desolati | Identified the ring "Ypsobror" {rPois Will- rCorr Str+7}
 62749 | Vaults:3 | Found a staircase to the Crypt.
 64660 | Vaults:4 | Reached skill level 15 in Shields
 65212 | Vaults:4 | Found Voerixae's General Store.
 65215 | Vaults:4 | Bought a scroll of teleportation for 66 gold pieces
 65299 | Crypt:1  | Entered Level 1 of the Crypt
 65588 | Crypt:1  | Reached XP level 25. HP: 154/168 MP: 27/31
 65744 | Crypt:1  | Noticed Bai Suzhen
 65754 | Crypt:1  | Killed Bai Suzhen
 66624 | Crypt:2  | Found the +3 hat of Pondering {ponderous, Will+ MP+10
                  | Int+5}
 66674 | Crypt:2  | Got a quavering book
 67371 | Crypt:3  | Entered Level 3 of the Crypt
 67865 | Crypt:3  | Noticed a royal mummy
 67866 | Crypt:3  | Noticed Khufu
 67874 | Crypt:3  | Killed a royal mummy
 67883 | Crypt:3  | Noticed an ancient lich
 67888 | Crypt:3  | Killed Khufu
 67890 | Crypt:3  | Noticed Margery
 67894 | Crypt:3  | Killed an ancient lich
 67910 | Crypt:3  | Killed Margery
 68948 | Crypt:3  | Found a staircase to the Tomb.
 69167 | Crypt:3  | Found an ancient bone altar of Kikubaaqudgha.
 69242 | Crypt:3  | Identified the ring "Cuify" {rF+ rN+ Will+ rCorr Stlth+}
 69242 | Crypt:3  | Identified the ring of the Growing Gods {rN+ Str+3}
 69616 | Tomb:1   | Entered Level 1 of the Tomb of the Ancients
 69907 | Tomb:1   | Paralysed by a sphinx for 3 turns
 69973 | Tomb:1   | Identified the +2 sling of Atoozou {speed, Int+4 Stlth+}
 70931 | Tomb:1   | Noticed a royal mummy
 70940 | Tomb:1   | Killed a royal mummy
 70953 | Tomb:1   | Reached XP level 26. HP: 140/173 MP: 31/31
 72712 | D:12     | Reached skill level 15 in Maces & Flails
 72726 | D:12     | Killed flt's ghost
 72863 | D:11     | Killed qipq's ghost
 73319 | Vaults:5 | Entered Level 5 of the Vaults
 73538 | Vaults:5 | Paralysed by a floating eye for 2 turns
 73547 | Vaults:5 | Noticed an ancient lich
 73767 | Vaults:5 | Killed an ancient lich
 74260 | Vaults:5 | Identified the +1 robe of Ureotuca {rF+ Int+3}
 74477 | Vaults:5 | Identified the +8 trident "Ickoikk" {speed, Dex+2}
 74491 | Vaults:5 | Noticed an ancient lich
 74513 | Vaults:5 | Killed an ancient lich
 75003 | Vaults:5 | Identified the +8 glaive "Jinaog" {heavy, rN+ Will+}
 75063 | Vaults:5 | Identified the +9 glaive of Teomaog {spect, rCorr SInv}
 75214 | Vaults:5 | Identified the +8 broad axe of Aczoinav {spect, Will+}
 75349 | Vaults:5 | Got a silver rune of Zot
 75389 | Vaults:5 | Reached XP level 27. HP: 179/179 MP: 31/31
 75495 | Vaults:5 | Reached skill level 1 in Necromancy
 75567 | Vaults:5 | Identified the staff of Shame {rElec rN+ Necro}
 75890 | Vaults:5 | Identified the +1 robe of Tartarus {+Blink MP-9 Dex+5
                  | Stlth-}
 76451 | Zot:1    | Entered Level 1 of the Realm of Zot
 76611 | Zot:1    | Reached skill level 5 in Necromancy
 78514 | Zot:1    | Reached skill level 10 in Necromancy
 79325 | Zot:1    | Upgraded the game from 0.31-a0-835-g2a3a5bc3be to
                  | 0.31-a0-840-g6d2ecbb638
 79990 | Zot:2    | Noticed an orb of fire
 79991 | Zot:2    | Gained mutation: Armour fits poorly on your strangely
                  | shaped body. [an orb of fire]
 80001 | Zot:2    | Killed an orb of fire
 82641 | Zot:4    | Noticed Grunn
 82653 | Zot:4    | Killed Grunn
 83632 | Zot:5    | Entered Level 5 of the Realm of Zot
 84584 | Vaults:4 | Bought a scroll of identify for 44 gold pieces
 85344 | Zot:5    | Noticed an orb of fire
 85357 | Zot:5    | Noticed an ancient lich
 85360 | Zot:5    | Gained mutation: You sometimes lose your temper in combat.
                  | [an orb of fire]
 85370 | Zot:5    | Killed an orb of fire
 85377 | Zot:5    | Killed an ancient lich
 85424 | Zot:5    | Lost mutation: You sometimes lose your temper in combat.
                  | [potion of mutation]
 85424 | Zot:5    | Lost mutation: Armour fits poorly on your strangely shaped
                  | body. [potion of mutation]
 85424 | Zot:5    | Lost mutation: You are dopey. (Int -2) [potion of mutation]
 85424 | Zot:5    | Gained mutation: You are clumsy. (Dex -2) [potion of
                  | mutation]
 85424 | Zot:5    | Gained mutation: You possess an exceptional clarity of
                  | mind. [potion of mutation]
 85424 | Zot:5    | Lost mutation: You are clumsy. (Dex -2) [potion of
                  | mutation]
 85865 | Zot:5    | Reached skill level 27 in Armour
 85880 | Zot:5    | Noticed an orb of fire
 85884 | Zot:5    | Noticed an orb of fire
 85891 | Zot:5    | Killed an orb of fire
 85901 | Zot:5    | Gained mutation: You are vulnerable to heat. (rF-) [an orb
                  | of fire]
 85911 | Zot:5    | Killed an orb of fire
 85916 | Zot:5    | Noticed a dread lich
 86200 | Zot:5    | Killed a dread lich
 86288 | Zot:5    | Reached skill level 10 in Dodging
 86819 | Depths:2 | Voluntarily entered the Abyss.
 86890 | Abyss:1  | Found a corrupted altar of Lugonu.
 87566 | Abyss:3  | Found a corrupted altar of Lugonu.
 88250 | Abyss:3  | Noticed an ancient lich
 88261 | Abyss:3  | Killed an ancient lich
 88680 | Abyss:3  | Got an abyssal rune of Zot
 88793 | Abyss:3  | Found a corrupted altar of Lugonu.
 89130 | Depths:2 | Escaped the Abyss
 89303 | Hell     | Entered the Vestibule of Hell
 89305 | Hell     | Noticed Geryon
 89327 | Hell     | Killed Geryon
 89696 | Hell     | Found a gateway to the freezing wastes of Cocytus.
 89862 | Hell     | Gained mutation: Your body sometimes deteriorates upon
                  | taking damage. [a cacodemon]
 90028 | Hell     | Found a gateway to the Iron City of Dis.
 90228 | Hell     | Found a gateway to the decaying netherworld of Tartarus.
 90385 | Hell     | Found a gateway to the ashen valley of Gehenna.
 90614 | Pan      | Entered Pandemonium
 91649 | Pan      | Noticed Soenyivoang the pandemonium lord
 91675 | Pan      | Killed Soenyivoang the pandemonium lord
 91874 | Pan      | Got a demonic rune of Zot
 92478 | Pan      | Noticed Jest the pandemonium lord
 92489 | Pan      | Reached skill level 15 in Dodging
 92525 | Pan      | Killed Jest the pandemonium lord
 92759 | Pan      | Noticed Zeing the pandemonium lord
 93320 | Pan      | Killed Zeing the pandemonium lord
 93412 | Pan      | Found a runed translucent door.
 94153 | Pan      | Noticed Jielixy the pandemonium lord
 94169 | Pan      | Killed Jielixy the pandemonium lord
 94715 | Pan      | Upgraded the game from 0.31-a0-840-g6d2ecbb638 to
                  | 0.31-a0-844-gdc52ec4e09
 95493 | Pan      | Noticed Otatzurch the pandemonium lord
 95512 | Pan      | Killed Otatzurch the pandemonium lord
 95728 | Pan      | Gained mutation: You have a somewhat thin skeletal
                  | structure. (Dex +2, Stealth+) [a neqoxec]
 96549 | Pan      | Entered the realm of Lom Lobon.
 97125 | Pan      | Noticed Lom Lobon
 97146 | Pan      | Killed Lom Lobon
 97152 | Pan      | Got a magical rune of Zot
 97395 | Pan      | Entered the realm of Gloorx Vloq.
 97395 | Pan      | Noticed Gloorx Vloq
 97446 | Pan      | Killed Gloorx Vloq
 98186 | Pan      | Identified the +0 hand axe of the Eight Beasts {venom,
                  | *Slow Str+4 Int+2 Stlth+}
 98507 | Pan      | Got a dark rune of Zot
 99533 | Pan      | Noticed Resy the pandemonium lord
 99548 | Pan      | Killed Resy the pandemonium lord
 99952 | Pan      | Entered the realm of Mnoleg.
100004 | Pan      | Gained mutation: You are vulnerable to cold. (rC-) [a
                  | cacodemon]
100033 | Pan      | Found an exit through the horrors of the Abyss.
100297 | Pan      | Gained mutation: You are occasionally teleported next to
                  | monsters. [a neqoxec]
100318 | Pan      | Noticed Mnoleg
100351 | Pan      | Killed Mnoleg
100360 | Pan      | Gained mutation: You are clumsy. (Dex -2) [a cacodemon]
100434 | Pan      | Got a glowing rune of Zot
100583 | Pan      | Gained mutation: You do not regenerate when monsters are
                  | visible. [a neqoxec]
100594 | Pan      | Gained mutation: You occasionally lose the ability to read
                  | scrolls when taking damage. [a cacodemon]
100638 | Pan      | Lost mutation: Your body sometimes deteriorates upon taking
                  | damage. [potion of mutation]
100638 | Pan      | Lost mutation: You are occasionally teleported next to
                  | monsters. [potion of mutation]
100638 | Pan      | Gained mutation: Your body sometimes deteriorates upon
                  | taking damage. [potion of mutation]
100639 | Pan      | Lost mutation: You possess an exceptional clarity of mind.
                  | [potion of mutation]
100639 | Pan      | Lost mutation: You do not regenerate when monsters are
                  | visible. [potion of mutation]
100639 | Pan      | Lost mutation: You are vulnerable to cold. (rC-) [potion of
                  | mutation]
100640 | Pan      | Lost mutation: You have a somewhat thin skeletal structure.
                  | (Dex +2, Stealth+) [potion of mutation]
100640 | Pan      | Lost mutation: Your body sometimes deteriorates upon taking
                  | damage. [potion of mutation]
100640 | Pan      | Lost mutation: You occasionally lose the ability to read
                  | scrolls when taking damage. [potion of mutation]
100640 | Pan      | Gained mutation: You possess an exceptional clarity of
                  | mind. [potion of mutation]
100681 | Pan      | Found an exit through the horrors of the Abyss.
100683 | Pan      | Took an exit into the Abyss.
100683 | Abyss:3  | Escaped into the Abyss
100683 | Abyss:3  | Found a corrupted altar of Lugonu.
100688 | Abyss:3  | Found a corrupted altar of Lugonu.
100702 | Depths:2 | Escaped the Abyss
100771 | Depths:2 | Upgraded the game from 0.31-a0-844-gdc52ec4e09 to
                  | 0.31-a0-845-g9abc20d24f
100772 | Pan      | Entered Pandemonium
100799 | Pan      | Reached skill level 27 in Shields
100821 | Pan      | Learned a level 9 spell: Fire Storm
101069 | Pan      | Noticed Fuusm the pandemonium lord
101085 | Pan      | Lost mutation: You possess an exceptional clarity of mind.
                  | [a cacodemon]
101088 | Pan      | Reached skill level 1 in Conjurations
101088 | Pan      | Killed Fuusm the pandemonium lord
101089 | Pan      | Reached skill level 1 in Spellcasting
101089 | Pan      | Reached skill level 1 in Fire Magic
101112 | Pan      | Gained mutation: Your magical capacity is low. (-10% MP) [a
                  | cacodemon]
101272 | Pan      | Gained mutation: You are vulnerable to cold. (rC-) [a
                  | cacodemon]
101363 | Pan      | Lost mutation: You are vulnerable to heat. (rF-) [potion of
                  | mutation]
101363 | Pan      | Lost mutation: Your magical capacity is low. (-10% MP)
                  | [potion of mutation]
101363 | Pan      | Lost mutation: You are clumsy. (Dex -2) [potion of
                  | mutation]
101363 | Pan      | Gained mutation: You are frail. (-10% HP) [potion of
                  | mutation]
101363 | Pan      | Gained mutation: You have a pair of small horns on your
                  | head. [potion of mutation]
101364 | Pan      | Lost mutation: You are frail. (-10% HP) [potion of
                  | mutation]
101364 | Pan      | Lost mutation: You are vulnerable to cold. (rC-) [potion of
                  | mutation]
101364 | Pan      | Lost mutation: You have a pair of small horns on your head.
                  | [potion of mutation]
101364 | Pan      | Gained mutation: Your flesh is cold resistant. (rC+)
                  | [potion of mutation]
101364 | Pan      | Gained mutation: Your natural rate of healing is unusually
                  | fast. [potion of mutation]
101395 | Pan      | Found a transporter.
101472 | Pan      | Found an exit through the horrors of the Abyss.
101694 | Pan      | Found an exit through the horrors of the Abyss.
102069 | Pan      | Found a huge runed translucent gate.
102070 | Pan      | Found a huge runed translucent gate.
102139 | Pan      | Identified the +3 scale mail of Leaves {Int+3}
102600 | Pan      | Reached skill level 5 in Conjurations
102695 | Pan      | Found a huge runed translucent gate.
102695 | Pan      | Found a huge runed translucent gate.
102695 | Pan      | Found a huge runed translucent gate.
102746 | Pan      | Found a huge runed translucent gate.
102750 | Pan      | Found a huge runed translucent gate.
102751 | Pan      | Noticed Yhoiff the pandemonium lord
102779 | Pan      | Killed Yhoiff the pandemonium lord
102780 | Pan      | Reached skill level 5 in Fire Magic
102993 | Pan      | Entered the realm of Cerebov.
103070 | Pan      | Identified the ring of Titu {*Slow rElec Int+3 Dex+6 SInv}
103250 | Pan      | Identified the +5 long sword of Tenacity {venom, +Blink
                  | rElec Str+3}
103507 | Pan      | Found the +6 sword of Cerebov {flame}
103507 | Pan      | Noticed Cerebov
103699 | Pan      | Killed Cerebov
103700 | Pan      | Reached skill level 5 in Spellcasting
103965 | Pan      | Identified the ring "Kourcho" {*Corrode Will++ Str+2 Dex+6}
104193 | Pan      | Identified the staff "Laurig" {*Slow rElec rPois rN+ Necro}
104194 | Pan      | Identified the +5 short sword of Foolhardiness {heavy,
                  | Will+ Stlth+}
104324 | Pan      | Got a fiery rune of Zot
104528 | Pan      | Identified the +1 halberd "Awased" {flame, rC+ rN+}
104539 | Pan      | Got a grimy book
104542 | Pan      | Identified the staff "Dragon's Tongue" {rN+ Necro Air}
104758 | Pan      | Found an exit through the horrors of the Abyss.
104802 | Pan      | Learned a level 8 spell: Ignition
105150 | Pan      | Found an exit through the horrors of the Abyss.
105257 | Pan      | Noticed Iweco the pandemonium lord
105319 | Pan      | Killed Iweco the pandemonium lord
105320 | Pan      | Reached skill level 10 in Conjurations
105717 | Pan      | Noticed Veiprucs the pandemonium lord
105727 | Pan      | Paralysed by you for 4 turns
105735 | Pan      | Paralysed by you for 5 turns
105755 | Pan      | Paralysed by you for 4 turns
105766 | Pan      | Killed Veiprucs the pandemonium lord
105921 | Pan      | Reached skill level 10 in Fire Magic
106001 | Depths:2 | Escaped Pandemonium
106003 | Pan      | Entered Pandemonium
106288 | Pan      | Found an exit through the horrors of the Abyss.
106396 | Pan      | Identified the +3 ring mail "Ucoogeg" {rCorr}
106435 | Pan      | Noticed Gucop the pandemonium lord
106451 | Pan      | Killed Gucop the pandemonium lord
106625 | Pan      | Gained mutation: Your magical capacity is low. (-10% MP) [a
                  | cacodemon]
106630 | Pan      | Gained mutation: Potions are less effective at restoring
                  | your health. [a cacodemon]
106892 | Pan      | Identified the +0 pair of gloves "Nucestow" {rPois SInv}
106938 | Pan      | Noticed Laggef the pandemonium lord
106949 | Pan      | Killed Laggef the pandemonium lord
107385 | Pan      | Found an exit through the horrors of the Abyss.
107394 | Pan      | Took an exit into the Abyss.
107394 | Abyss:3  | Escaped into the Abyss
107477 | Depths:2 | Escaped the Abyss
107531 | Dis:1    | Entered Level 1 of the Iron City of Dis
109115 | Dis:4    | You are sucked into a shaft and drop 2 floors!
109121 | Dis:7    | Entered Level 7 of the Iron City of Dis
110048 | Dis:7    | Killed from afar by a Hell Sentinel

Illustrated notes

Levels and vault maps discovered:
D:1:      dpeg_arrival_fog, layout_basic,
          hellmonk_ecumenical_altar_heavens_door, minmay_misc_feat_room
D:2:      layout_rooms, kennysheep_generic_room_9
D:3:      layout_loops_ring, uniq_sigmund
D:4:      layout_basic, nemelex_spade_bored_becter, marbit_many_paths,
          nicolae_overflow_crystal_walls, minmay_temple_entry_slanted
D:5:      layout_cave_pools, mainiacjoe_overflow_six_doors_small,
          hangedman_decor_push, kennysheep_generic_room_6, uniq_grinder
D:6:      wander_river, layout_cave_pools, nicolae_elyvilon_peaceful_grove,
          serial_shops, shop
D:7:      layout_basic
D:8:      wander_kiku_kobolds, layout_basic, nicolae_dithmenos_the_darkroom,
          minmay_misc_feat_x
D:9:      layout_rooms, mainiacjoe_overflow_chevrons, tgw_sif,
          gammafunk_temple_overflow_wave, ebering_ghost_inner_flame,
          serial_shops, nicolae_shop_behind_doors, nicolae_shop_mannequins,
          nicolae_shop_tiny_waterfront, minmay_lizard_king
D:10:     minmay_clustersquares, layout_long_grid, cheibrodos_worm_habitat,
          serial_shops, kennysheep_mini, nzn_life_drinkers, uniq_josephine
D:11:     layout_loops_ring, david_lair_generic,
          gammafunk_ghost_wrathful_warriors, nicolae_tso_carved_into_rock
D:12:     layout_rooms, erik_orc_3, gammafunk_ghost_split
D:13:     layout_loops_ring, worms_lemuel
D:14:     layout_roguey, ximxim_vaults_locker_room, gauntlet_entry_generic,
          bloody_makhleb, hangedman_tell_no_tales
D:15:     gammafunk_enter_depths_forms, layout_loops_corners
Temple:   bh_familiar_temple
Lair:1:   layout_gridlike, serial_forest, infiniplex_forest_lined_room_,
          infiniplex_forest_fountain, infiniplex_forest_straight_2,
          infiniplex_forest_clump_cross, infiniplex_forest_lined_room_,
          infiniplex_forest_straight_3, infiniplex_forest_clump_curved,
          infiniplex_forest_lined_room_2, lemuel_oklob_altar
Lair:2:   cheibrodos_lair_overgrown_chateau, layout_misc_corridors,
          swamp_mist_pool, nicolae_snake_entry_warm_welcome,
          eino_house_with_fridge
Lair:3:   layout_regular_city, grunt_megastairs_1, uniq_amaemon
Lair:4:   layout_regular_city
Lair:5:   evilmike_catoblepas_cave, layout_concentric_octagons, slime_entry_2,
          gammafunk_ghost_grave
Swamp:1:  layout_falls_marsh, gammafunk_ghost_split,
          nicolae_swamp_feature_on_the_river_bank
Swamp:2:  nicolae_swamp_wrong_neighborhood, layout_basic_swamp,
          evilmike_swamp_ruin_house_6
Swamp:3:  layout_falls_marsh, hangedman_swamp_lotus, swamp_pool5,
          beargit_elvish_explorers, uniq_jorgrun
Swamp:4:  swamp_icy, layout_basic_swamp, swamp_pool2, uniq_roxanne
Snake:1:  layout_layer_cave, abandoned_shop, uniq_aizul, uniq_mlioglotl,
          uniq_frances
Snake:2:  layout_cave_pods, drop_trap, minmay_shop_star, lemuel_fruit_tree
Snake:3:  layout_grid_shapes
Snake:4:  minmay_snake_end_coiled, layout_onion_interference
Orc:1:    layout_caves, basic_altar, nicolae_shop_overcharged_wands
Orc:2:    st_orc_town, layout_caves, uniq_donald, uniq_snorg
Elf:1:    layout_geoelf_diagonals, minmay_elf_sorcery, uniq_nikola
Elf:2:    elven_hall_of_blades_hangedman_alternative [mumra_blade_entry_dagger],
          layout_onion_city, minmay_misc_feat_five
Elf:3:    elf_hall_gauntlet_narrow, layout_gridlike
Vaults:1: mu_enter_wizlab_6, nicolae_vaults_offset_grid_hallway_3, v_pattern_2,
          nicolae_vaults_tangram_1, nicolae_vaults_layer_cake_slice,
          nicolae_vaults_storage_closets_3, vaults_dpeg_encased_lava,
          ontoclasm_vaults_shuriken, layout_vaults_omnigrid
Vaults:2: nicolae_vaults_mitosis, nicolae_vaults_octagons,
          vaults_room_large_hall, hangedman_vaults_trim, vaults_dpeg_spiral,
          nicolae_vaults_ring_of_whatevers, nicolae_vaults_asterisk,
          layout_vaults_chaotic_city, uniq_mennas, uniq_xtahua, uniq_norris
Vaults:3: portal_desolation_entry_ruin, v_pattern_4, v_misc_15,
          nicolae_vaults_weapon_check, grunt_vaults_diagonal, v_misc_27,
          vaults_room_corners, minmay_crypt_entry_simple_sparse,
          nicolae_vaults_apartment_2, vaults_room_grid, special_room_vaults
          [special_room_orc], layout_vaults_omnicross
Vaults:4: nicolae_vaults_tangent_ellipses, nicolae_vaults_gold_heap,
          v_alt_pattern_2, v_misc_28, v_misc_23, nicolae_vaults_more_shelving_2,
          vaults_room_semicircle, vaults_dpeg_cross, vaults_mumra_lcd,
          hangedman_vaults_capsules, ontoclasm_vaults_ring_square,
          nicolae_vaults_closet_pinwheel_4, hangedman_vaults_trim,
          layout_vaults_maze_snakey, serial_shops, nicolae_shop_window_shopping
Vaults:5
Crypt:1:  layout_regular_city, uniq_bai_suzhen
Crypt:2:  layout_chaotic_city
Crypt:3:  cryptofortress_bobbens, uniq_margery, uniq_khufu
Tomb:1
Depths:1: layout_gridville, hell_entry, nicolae_qazlal_style_of_elements,
          firewood_loft
Depths:2: box_level_dp, pan_entry, hell_entry, abyss_entry
Depths:3: minmay_complete_graph, layout_honeycomb, abyss_entry, hell_entry,
          vehumet_crystals, kennysheep_two_boxes
Depths:4: grunt_zot_entry_tricorne, layout_cave_pools, enter_ziggurat_c,
          nrook_uturn, hell_entry, serial_bayou_shore_a
Hell
Dis:1:    layout_gridville
Dis:2:    layout_gridville, nicolae_dis_scattering
Dis:3:    layout_regular_city
Dis:4:    layout_jigsaw, nicolae_dis_strange_trophy_room
Dis:6:    layout_gridville
Dis:7:    dis_st
Zot:1:    lemuel_halls_of_wrath, layout_misc_corridors, zot_minivault_6,
          grunt_megastairs_5
Zot:2:    layout_gridlike, zot_minivault_1, lemuel_elevator
Zot:3:    layout_onion_interference
Zot:4:    evilmike_crystal_ball_defense, layout_misc_corridors, uniq_grunn
Zot:5:    layout_misc_corridors, nicolae_zot_crop_circle

Skill      XL: |  1  2  3  4  5  6  7  8  9 10 11 12 13 14 15 16 17 18 19 20 21 22 23 24 25 26 27 |
---------------+----------------------------------------------------------------------------------+-----
Polearms       | 2 3 4 5 6 8 9 11 12 15 16 | 16.0
Fighting       | 4 5 7 8 10 11 13 14 16 18 20 21 24 26 27 | 27.0
Armour         | 4 5 7 9 11 12 14 15 18 19 20 21 27 | 27.0
Shields        | 4 5 6 7 9 10 11 12 14 15 18 27 | 27.0
Dodging        | 2 3 4 5 7 8 19 | 19.0
Invocations    | 1 6 9 11 | 11.0
Evocations     | 3 8 10 12 | 12.0
Throwing       | 1 10 | 10.0
Maces & Flails | 7 12 14 18 | 18.7
Necromancy     | 12 | 12.0
Conjurations   | 13 | 13.7
Spellcasting   | 8 |  8.4
Fire Magic     | 12 | 12.7

Action                     |  1- 3 |  4- 6 |  7- 9 | 10-12 | 13-15 | 16-18 | 19-21 | 22-24 | 25-27 || total
---------------------------+-------+-------+-------+-------+-------+-------+-------+-------+-------++-------
  Melee: Trident           |    81 |   140 |   476 |   868 |    15 |       |       |       |       ||  1580
         Halberd           |       |       |       |    39 |       |       |       |       |       ||    39
         Unarmed           |       |       |       |     8 |       |       |       |       |       ||     8
         Demon trident     |       |       |       |       |   819 |  1359 |  1383 |  1527 |   757 ||  5845
         Long sword        |       |       |       |       |     5 |       |       |       |       ||     5
         Sacred scourge    |       |       |       |       |       |       |       |    74 |  3385 ||  3459
         Demon whip        |       |       |       |       |       |       |       |    28 |   214 ||   242
         Eveningstar       |       |       |       |       |       |       |       |       |  1391 ||  1391
  Throw: Boomerang         |       |    30 |    23 |       |       |    58 |    96 |       |       ||   207
         Dart              |       |       |    32 |   118 |   164 |   174 |       |       |       ||   488
         Throwing net      |       |       |       |     2 |       |       |       |       |       ||     2
         Javelin           |       |       |       |       |       |    30 |     8 |     6 |     6 ||    50
 Invoke: Ancestor Life: He |       |       |       |     1 |       |       |       |       |       ||     1
         Ancestor Identity |       |       |       |     1 |       |       |       |       |       ||     1
         Recall Ancestor   |       |       |       |       |     2 |     1 |     3 |     3 |    22 ||    31
         Idealise          |       |       |       |       |       |    12 |    11 |     5 |    24 ||    52
  Evoke: Wand              |       |     1 |       |    10 |       |    14 |     6 |     5 |    58 ||    94
    Use: Scroll            |       |     7 |     1 |    18 |    17 |    12 |     7 |     9 |    39 ||   110
         Potion            |       |       |     5 |       |     2 |       |     4 |     5 |    44 ||    60
   Stab: Invisible         |       |       |       |     9 |       |     2 |     3 |     3 |       ||    17
         Confused          |       |       |       |    10 |    12 |     8 |    26 |    58 |   155 ||   269
         Distracted        |       |       |       |     1 |    17 |    21 |    17 |    20 |    50 ||   126
         Sleeping          |       |       |       |     1 |     1 |     1 |       |       |       ||     3
         Paralysed         |       |       |       |       |     5 |   105 |    98 |   120 |   267 ||   595
         Fleeing           |       |       |       |       |       |       |     1 |       |       ||     1
 Armour: Scale mail        |    34 |    29 |   345 |    30 |       |       |       |       |       ||   438
         Chain mail        |       |    56 |     5 |       |       |   547 |   281 |       |       ||   889
         Plate armour      |       |       |       |   476 |       |       |       |       |       ||   476
         Robe              |       |       |       |   125 |   230 |    22 |       |       |       ||   377
         Skin              |       |       |       |     4 |       |       |       |       |       ||     4
         Ring mail         |       |       |       |       |    17 |       |       |       |       ||    17
         Gold dragon scale |       |       |       |       |       |       |   115 |   431 |  2567 ||  3113
  Dodge: Dodged            |    19 |    44 |   214 |   286 |   193 |   265 |   133 |   203 |   877 ||  2234
         Repelled          |       |       |       |       |       |    24 |    14 |    12 |    52 ||   102
  Block: Buckler           |    15 |    35 |   235 |   242 |       |       |       |       |       ||   527
         Reflection        |       |       |     6 |    28 |    16 |   121 |    61 |    50 |   118 ||   400
         Kite shield       |       |       |       |   251 |   377 |       |       |       |   190 ||   818
         Other             |       |       |       |    12 |       |       |       |       |       ||    12
         Tower shield      |       |       |       |       |       |  1187 |   583 |   912 |  5496 ||  8178

Table legend: (Time is in decaauts)
 A = Elapsed time spent in this place.
 B = Non-inter-level travel time spent in this place.
 C = Inter-level travel time spent in this place.
 D = Time resting spent in this place.
 E = Time spent auto-exploring this place.
 F = Levels seen in this place.
 G = Mean time per level.
                   A        B        C        D        E       F      G
               +--------+--------+--------+--------+--------+-----+--------+
         Total | 106943 |  99350 |   7593 |  25863 |  46730 |  99 | 1080.2 |
       Dungeon |  22216 |  19162 |   3054 |   5035 |   9787 |  15 | 1481.1 |
        Temple |     47 |      1 |     46 |      0 |      0 |   1 |   47.0 |
          Lair |   6368 |   5767 |    601 |    453 |   3948 |   5 | 1273.6 |
         Swamp |   4087 |   3980 |    107 |   1074 |   2000 |   4 | 1021.8 |
     Snake Pit |   7692 |   7374 |    318 |   3240 |   1975 |   4 | 1923.0 |
  Orcish Mines |   2740 |   2398 |    342 |    519 |   1237 |   2 | 1370.0 |
   Elven Halls |   7696 |   7155 |    541 |   2354 |   2974 |   3 | 2565.3 |
        Vaults |   9212 |   8388 |    824 |   1546 |   5078 |   5 | 1842.4 |
         Crypt |   4205 |   4006 |    199 |    477 |   2633 |   3 | 1401.7 |
          Tomb |   1896 |   1765 |    131 |    740 |    361 |   1 | 1896.0 |
        Depths |   9288 |   8399 |    889 |   2728 |   3957 |   4 | 2322.0 |
          Hell |   1630 |   1577 |     53 |    484 |    651 |   1 | 1630.0 |
           Dis |   1624 |   1540 |     84 |    228 |    835 |   6 |  270.7 |
           Zot |   8954 |   8555 |    399 |   3388 |   2909 |   5 | 1790.8 |
         Abyss |   2207 |   2207 |      0 |    117 |    483 |   5 |  441.4 |
   Pandemonium |  15496 |  15496 |      0 |   3221 |   7198 |  33 |  469.6 |
        Wizlab |    604 |    604 |      0 |     54 |    252 |   1 |  604.0 |
    Desolation |    973 |    973 |      0 |    201 |    450 |   1 |  973.0 |
               +--------+--------+--------+--------+--------+-----+--------+

Top non-repeatable levels by time:
   Elf:3: 4102 daAuts
Depths:2: 4059 daAuts
 Snake:4: 3537 daAuts
   Zot:1: 2809 daAuts
Vaults:4: 2777 daAuts
     D:7: 2711 daAuts
     D:9: 2317 daAuts
   Elf:2: 2196 daAuts
 Crypt:3: 2192 daAuts
   Zot:2: 2024 daAuts
     D:8: 2007 daAuts
   Zot:5: 1953 daAuts
    D:10: 1946 daAuts
Depths:4: 1932 daAuts
  Tomb:1: 1896 daAuts
